 Dungeon Crawl Stone Soup version 0.17-b1-15-g0f5fb43 (webtiles) character file.

130 Cookie the Poker (level 4, -12/33 HPs)
             Began as a Demonspawn Gladiator on Nov 7, 2015.
             Mangled by an ogre
             ... wielding a cursed -3 giant club
              (22 damage)
             ... on level 2 of the Dungeon.
             The game lasted 00:05:26 (2561 turns).

Cookie the Poker (Demonspawn Gladiator)             Turns: 2561, Time: 00:05:26

Health: -12/33     AC:  5    Str: 20    XL:     4   Next: 89%
Magic:  4/4        EV: 12    Int: 10    God:
Gold:   118        SH:  0    Dex: 14    Spells: 0 memorised, 3 levels left

rFire  . . .     SeeInvis .     a - +0 trident
rCold  . . .     Clarity  .     l - +0 ring mail (curse)
rNeg   . . .     SustAt   .     (no shield)
rPois  .         Gourm    .     (helmet restricted)
rElec  .         Spirit   .     (no cloak)
rCorr  .         Warding  .     (no gloves)
rMut   .         Stasis   .     (no boots)
MR     .....                    (no amulet)
Stlth  ..........               (no ring)
                                (no ring)

@: mighty, not resistant to hostile enchantments, extremely unstealthy
A: claws 1, hooves 1, horns 1
a: no special abilities


You were on level 2 of the Dungeon.
You were full.

You visited 1 branch of the dungeon, and saw 3 of its levels.

You collected 118 gold pieces.

Inventory:

Hand Weapons
 a - a +0 trident (weapon)
Missiles
 d - 3 throwing nets (quivered)
Armour
 b - a +0 leather armour
 c - a +0 helmet
 l - a cursed +0 ring mail (worn)
Jewellery
 h - an uncursed amulet of clarity {unknown}
Wands
 r - a wand of hasting (1)
Scrolls
 f - 3 scrolls of identify {unknown}
 j - a scroll of noise {unknown}
 n - 3 scrolls of blinking {unknown}
 q - a scroll of random uselessness {unknown}
Potions
 m - a potion of haste {unknown}
 o - a potion of degeneration {unknown}
 s - a potion of invisibility {unknown}
Comestibles
 e - 3 bread rations
 g - 2 meat rations
 k - a beef jerky


   Skills:
 - Level 2.0 Fighting
 + Level 5.1 Polearms
 - Level 1.7 Throwing
 - Level 2.6 Dodging


You had 3 spell levels left.
You didn't know any spells.

Dungeon Overview and Level Annotations

Branches:
Dungeon (3/15)

Altars:
Gozag
Yredelemnul

Annotations:
D:3 Monkaria's ghost, amateur MiBe; Sigmund


Innate Abilities, Weirdness & Mutations

You have sharp fingernails.
You have large cloven feet.
You have a pair of small horns on your head.


Message History

A kobold comes into view. It is wielding a whip.
Monkaria's ghost hits you.
There is a stone staircase leading up here.
Monkaria's ghost makes a sound of rattling chains.
Monkaria's ghost closely misses you. Monkaria's ghost misses you.
Monkaria's ghost hits you. The ogre hits you with a giant club!
Monkaria's ghost hits you.
* * * LOW HITPOINT WARNING * * *
You climb upwards.
There is a stone staircase leading down here.
You see here a club.
There is an open door here.
A bat comes into view.
Drink which item? (? for menu, Esc to quit)
It was a potion of might.
You feel very mighty all of a sudden. The ogre hits you with a giant club!!
Ouch! That really hurt!
You die...

#................#
#.##############.# #.# #.# #.#
#.# ## #.##############.#####.
######'#............#.......
#..............####.#######.
#..............####.# #.
#..........@O..'..#.# #####.
#..............##)#.# #.....
#........b.....##.#.# #.###.
#..............##.#.# #.####
#..............##.#.# #.....
#####.......#####+###.#.#######.
#....######## #.# #.#.........
#....# #.###.########## ##....#
######## #.#............#


You could see an ogre and a bat.

Vanquished Creatures
  Ijyb (D:3)
  An orc wizard (D:3)
  2 adders
  A worm (D:2)
  3 giant geckos
  4 orcs (D:3)
  3 giant cockroaches
  2 goblins (D:1)
  9 hobgoblins
  7 bats
  A giant newt (D:1)
  3 jackals (D:1)
  4 kobolds
  12 rats
53 creatures vanquished.

Notes
Turn   | Place    | Note
--------------------------------------------------------------
     0 | D:1      | Cookie the Demonspawn Gladiator began the quest for the Orb.
     0 | D:1      | Reached XP level 1. HP: 16/16 MP: 1/1
   369 | D:1      | Reached skill level 3 in Polearms
   429 | D:1      | Gained mutation: You have sharp fingernails. [demonic ancestry]
   429 | D:1      | Reached XP level 2. HP: 17/22 MP: 2/2
  1335 | D:2      | Found an opulent altar of Gozag.
  1370 | D:2      | Gained mutation: You have a pair of small horns on your head. [demonic ancestry]
  1370 | D:2      | Reached XP level 3. HP: 23/27 MP: 3/3
  1498 | D:2      | Reached skill level 4 in Polearms
  2128 | D:3      | Noticed Ijyb
  2143 | D:3      | Killed Ijyb
  2143 | D:3      | Gained mutation: You have large cloven feet. [demonic ancestry]
  2143 | D:3      | Reached XP level 4. HP: 26/33 MP: 4/4
  2229 | D:3      | Reached skill level 5 in Polearms
  2459 | D:3      | Found a basalt altar of Yredelemnul.
  2461 | D:3      | Noticed an ogre
  2461 | D:3      | Noticed Sigmund
  2527 | D:3      | Noticed Monkaria's ghost (amateur MiBe)
  2561 | D:2      | Mangled by an ogre

Action                   |  1- 3 |  4- 6 || total
-------------------------+-------+-------++-------
Melee: Trident           |   173 |    29 ||   202
  Use: Potion            |       |     1 ||     1
  Eat: Chunk             |     4 |     1 ||     5
       Bread ration      |       |     1 ||     1
